 Dungeon Crawl Stone Soup version 0.17-a0-1510-gb3fb22e (webtiles) character file.

35 Goblin1989 the Insei (level 3, -1/20 HPs)
             Began as a Vine Stalker Monk on July 11, 2015.
             Was a Follower of Okawaru.
             Slain by an adder (3 damage)
             ... on level 2 of the Dungeon.
             The game lasted 00:03:30 (863 turns).

Goblin1989 the Insei (Vine Stalker Monk)             Turns: 863, Time: 00:03:31

Health: -1/20      AC:  2    Str: 14    XL:     3   Next: 33%
Magic:  0/4        EV: 13    Int: 10    God:    Okawaru [*.....]
Gold:   67         SH:  0    Dex: 16    Spells: 0 memorised, 2 levels left

rFire  . . .     SeeInvis .       - Unarmed
rCold  . . .     Clarity  .     a - +0 robe
rNeg   . . .     SustAt   .     (no shield)
rPois  .         Gourm    .     (no helmet)
rElec  .         Spirit   +     (no cloak)
rCorr  .         Warding  .     (no gloves)
rMut   .         Stasis   .     (no boots)
MR     .....                    (no amulet)
Stlth  ++........               (no ring)
                                (no ring)

@: not resistant to hostile enchantments, unstealthy
A: fangs 2, regeneration 1, magic shield, antimagic bite, no device heal 3, rot
immunity
a: Heroism, Renounce Religion


You were on level 2 of the Dungeon.
You worshipped Okawaru.
Okawaru was aware of your devotion.
You were not hungry.

You visited 1 branch of the dungeon, and saw 2 of its levels.

You collected 67 gold pieces.

Inventory:

Armour
 a - a +0 robe (worn)
Scrolls
 c - a scroll of magic mapping {unknown}
 d - a scroll of immolation {unknown}
 e - a scroll of remove curse {unknown}
Potions
 f - a potion of flight {unknown}
 g - a potion of magic {unknown}
 h - a potion of invisibility {unknown}
Comestibles
 b - a bread ration
 i - 6 chunks of flesh


   Skills:
 + Level 3.1 Fighting
 + Level 0.7 Armour
 - Level 2.4 Dodging
 - Level 2.4 Stealth
 * Level 4.4 Unarmed Combat
 + Level 0.4 Invocations


You had 2 spell levels left.
You didn't know any spells.

Dungeon Overview and Level Annotations

Branches:
Dungeon (2/15)

Altars:
Okawaru

Annotations:
D:2 Terence


Innate Abilities, Weirdness & Mutations

You have extremely sharp teeth.
Your natural rate of healing is unusually fast.
When hurt, damage is shared between your health and your magic reserves.
Your bite disrupts and absorbs the magic of your enemies.
Potions and wands cannot restore your health.
You are immune to rotting.


Message History

You are too injured to fight recklessly!
You are too injured to fight recklessly!
You are too injured to fight recklessly!
You are too injured to fight recklessly!
You are too injured to fight recklessly!
You are too injured to fight recklessly!
You are too injured to fight recklessly!
You are too injured to fight recklessly!
You are too injured to fight recklessly!
You are too injured to fight recklessly!
You are too injured to fight recklessly!
You are too injured to fight recklessly!
You are too injured to fight recklessly!
You are too injured to fight recklessly!
You are too injured to fight recklessly!
You are too injured to fight recklessly!
You hit the adder. Your bite misses the adder.
The adder is almost dead.
The adder bites you.
You die...

...%...#...## ##
#.....#..)#
#.......#.#####
##...#..#...).#
##..#.####...##
#.....###....##
.#.b.#.........#
.....###.......#
#.....S@.......#
......K........#
..................
....%...##...####.
#....######....
##### ######


You could see an adder and a kobold.

Vanquished Creatures
  A worm (D:2)
  A giant gecko (D:1)
  3 giant cockroaches
  5 goblins (D:1)
  5 hobgoblins
  8 bats (D:1)
  2 giant newts (D:1)
  3 kobolds (D:1)
  2 rats (D:1)
30 creatures vanquished.

Notes
Turn   | Place    | Note
--------------------------------------------------------------
     0 | D:1      | Goblin1989 the Vine Stalker Monk began the quest for the Orb.
     0 | D:1      | Reached XP level 1. HP: 11/11 MP: 2/2
    80 | D:1      | Reached XP level 2. HP: 13/16 MP: 3/3
   154 | D:1      | Found an iron altar of Okawaru.
   171 | D:1      | Became a worshipper of Warmaster Okawaru
   171 | D:1      | Acquired Okawaru's first power
   454 | D:1      | You fall through a shaft!
   454 | D:2      | Noticed Terence
   490 | D:1      | Reached XP level 3. HP: 20/20 MP: 4/4
   863 | D:2      | Slain by an adder

Vault maps used:
D:1:      tarquinn_simple_flora_water_a, okawaru_ov_weapons_minmay
D:2:      uniq_natasha, uniq_terence

Action                   || total
-------------------------++-------
Melee: Unarmed           ||    79
 Stab: Sleeping          ||     6
